[Event "45th FIDE Olympiad 2024"]
[Site "Budapest"]
[Date "2024.09.18"]
[Round "7.252"]
[White "Al-Kuwari, Hamad"]
[Black "Schadler, Martin"]
[Result "1-0"]
[WhiteElo "1574"]
[BlackElo "1891"]
[Annotator "COMBH"]
[PlyCount "89"]
[EventDate "2024.09.05"]
[EventType "team-tourn"]
[EventCountry "HUN"]
[WhiteTeam "Qatar"]
[BlackTeam "Liechtenstein"]
[WhiteTeamCountry "QAT"]
[BlackTeamCountry "LIE"]
[TimeControl "40/5400+30:1800+30"]

1. e4 d5 2. exd5 Nf6 3. d4 Nxd5 4. c4 Nb6 5. Nf3 g6 6. Be2 Bg7 7. h3 O-O 8. Nc3 c5 9. Be3 Na6 10. O-O cxd4 11. Bxd4 Bxd4 12. Qxd4 Qxd4 13. Nxd4 Bd7 14. Bf3 e5 15. Nb3 Bc6 16. Bxc6 bxc6 17. Na5 Nb4 18. Rad1 c5 19. Rfe1 Rfe8 20. Re2 f5 21. a3 Na6 22. Nb5 e4 23. b3 Re7 24. f3 e3 25. f4 Re4 26. g3 Rb8 27. Nc6 Rb7 28. Nd6 Rd7 29. Ne5 Rd4 30. Rxd4 cxd4 31. Nxd7 Nxd7 32. Nb5 d3 33. Rxe3 Nac5 34. Nc3 d2 35. Nd1 Ne4 36. b4 Nb6 37. c5 Nc4 38. Rd3 g5 39. c6 Nb6 40. c7 Kg7 41. Rd8 h5 42. c8=Q Nxc8 43. Rxc8 Nxg3 44. fxg5 f4 45. Kf2 1-0

[Event "45th FIDE Olympiad 2024"]
[Site "Budapest"]
[Date "2024.09.18"]
[Round "7.253"]
[White "Dominguez, Jose Manuel"]
[Black "Sihlongonyane, Sikhanyiso"]
[Result "1-0"]
[WhiteElo "2195"]
[BlackElo "1813"]
[PlyCount "125"]
[EventDate "2024.09.05"]
[EventType "team-tourn"]
[EventCountry "HUN"]
[WhiteTeam "Dominican Republic"]
[BlackTeam "Eswatini"]
[WhiteTeamCountry "DOM"]
[TimeControl "40/5400+30:1800+30"]

1. Nf3 d5 2. b4 Nf6 3. Bb2 e6 4. a3 c5 5. b5 a6 6. e3 axb5 7. Bxb5+ Bd7 8. Be2 Be7 9. Ne5 O-O 10. Nxd7 Qxd7 11. O-O Nc6 12. c4 d4 13. d3 e5 14. Nd2 Ra6 15. Kh1 Bd6 16. e4 Ne7 17. g3 Ng6 18. Kg2 h6 19. h4 Qc7 20. Bc1 Rfa8 21. Rh1 Nf8 22. h5 Ne6 23. Nf3 Nh7 24. Nh4 Nhg5 25. Bg4 Rb8 26. Rb1 Rb6 27. Ra1 Ra6 28. a4 Rba8 29. Bd2 Qd7 30. Nf5 Bc7 31. Bxg5 hxg5 32. h6 g6 33. Ng7 Kh7 34. Bxe6 fxe6 35. Qg4 Bd8 36. Rab1 Bf6 37. a5 Rxa5 38. Nxe6 Qe7 39. Rb6 R8a6 40. Rhb1 Rxb6 41. Rxb6 Ra6 42. Nf8+ Kxh6 43. Rxb7 Qxb7 44. Qh3+ Kg7 45. Qh7+ Kxf8 46. Qxb7 Re6 47. Qc8+ Kf7 48. Qxc5 Be7 49. Qd5 Kf6 50. c5 g4 51. c6 Bd6 52. Qa5 Re7 53. Qd8 Bc7 54. Qc8 Bd6 55. Kf1 Rc7 56. Qa8 Ke7 57. Ke2 Kf6 58. Kd1 Ke7 59. Kc2 Bc5 60. Kb3 Kd6 61. Kc4 Rxc6 62. Qd8+ Ke6 63. Qd5+ 1-0

[Event "45th FIDE Olympiad 2024"]
[Site "Budapest"]
[Date "2024.09.18"]
[Round "7.254"]
[White "Dlamini, Simphiwe"]
[Black "Camacho Campusano, David Daniel"]
[Result "1/2-1/2"]
[WhiteElo "1747"]
[BlackElo "2219"]
[PlyCount "72"]
[EventDate "2024.09.05"]
[EventType "team-tourn"]
[EventCountry "HUN"]
[WhiteTeam "Eswatini"]
[BlackTeam "Dominican Republic"]
[BlackTeamCountry "DOM"]
[TimeControl "40/5400+30:1800+30"]

1. e4 e5 2. Nf3 Nc6 3. d3 Nf6 4. g3 d5 5. Nbd2 dxe4 6. dxe4 Bg4 7. Bg2 Bc5 8. O-O Qd7 9. c3 O-O 10. b4 Bd6 11. Re1 a5 12. b5 Ne7 13. a4 Rfd8 14. Nc4 Qe6 15. Qe2 h6 16. Bb2 Nc8 17. Rad1 Nb6 18. Nxd6 Rxd6 19. c4 Nxa4 20. h3 Bxf3 21. Bxf3 Nxb2 22. Qxb2 a4 23. Rxd6 cxd6 24. Qb4 b6 25. Ra1 a3 26. Ra2 Qc8 27. Qb3 Qc5 28. Qd3 Nd7 29. Be2 Qb4 30. Kg2 Nc5 31. Qxd6 Qb2 32. Rxb2 axb2 33. Bd3 Nxd3 34. Qxd3 Ra1 35. Qd8+ Kh7 36. Qd7 b1=Q 1/2-1/2

[Event "45th FIDE Olympiad 2024"]
[Site "Budapest"]
[Date "2024.09.18"]
[Round "7.255"]
[White "Jimenez Jimenez, Leandro"]
[Black "Nxumalo, Vuyo"]
[Result "1-0"]
[WhiteElo "2188"]
[BlackElo "1746"]
[PlyCount "135"]
[EventDate "2024.09.05"]
[EventType "team-tourn"]
[EventCountry "HUN"]
[WhiteTeam "Dominican Republic"]
[BlackTeam "Eswatini"]
[WhiteTeamCountry "DOM"]
[TimeControl "40/5400+30:1800+30"]

1. d4 d5 2. c4 e6 3. Nf3 Nf6 4. g3 c6 5. Bg2 Bd6 6. O-O O-O 7. Qc2 Nbd7 8. Nbd2 Re8 9. e4 dxe4 10. Ng5 e5 11. Ndxe4 Bc7 12. d5 cxd5 13. cxd5 h6 14. Nxf6+ Nxf6 15. Ne4 Nxd5 16. Rd1 Be6 17. Nc5 Nb4 18. Qa4 b5 19. Bxa8 bxa4 20. Rxd8 Rxd8 21. Nxe6 fxe6 22. Bf3 Nd3 23. Be3 Bb6 24. Rd1 Nxb2 25. Rxd8+ Bxd8 26. Bxa7 Nc4 27. Bd1 Nb2 28. Be2 Kf7 29. Bc5 Be7 30. Be3 e4 31. Bh5+ g6 32. Be2 h5 33. Bf1 Nd1 34. Bd4 Bf6 35. Bc5 Nc3 36. Bc4 Nd5 37. Bb5 Nc3 38. Bc4 Be7 39. Bd4 Bf6 40. Ba7 Ke7 41. Bc5+ Kf7 42. Kf1 Be5 43. Ke1 Kf6 44. Kd2 Kf5 45. h4 Bf6 46. Bb6 Nd5 47. Bc5 Bb2 48. Be2 Ke5 49. Bb5 a3 50. Ba4 Bd4 51. Bxd4+ Kxd4 52. Be8 e3+ 53. fxe3+ Nxe3 54. Bxg6 Nf1+ 55. Kc2 Nxg3 56. Kb3 e5 57. Kxa3 e4 58. Kb3 Nf1 59. Bxh5 Nd2+ 60. Kc2 e3 61. Be2 Ne4 62. h5 Ng3 63. h6 Nxe2 64. h7 Ke4 65. h8=Q Nd4+ 66. Kd1 Kd3 67. Qh7+ Kc3 68. Qe4 1-0